details: 'ne vs ud gnoll wood'

« prev index next »

General information

Mini Map

Players

team 1
UndeadC82l2 (purple | 192 APM | 3997 actions | 20:49)
Hero icon 4 Death Knight
Ability icon 2 Unholy Aura
Ability icon 2 Death Coil
Hero icon 3 Naga Sea Witch
Ability icon 1 Frost Arrows
Ability icon 2 Forked Lightning
Hero icon 2 Crypt Lord
Ability icon 1 Impale
Ability icon 1 Spiked Carapace

» actions
Assign group hotkey53
Basic commands318
Build / train76
ESC pressed1
Enter build submenu21
Enter hero's abilities submenu9
Give item / drop item9
Remove unit from queue1
Right click1675
Select / deselect511
Select group hotkey1247
Use ability76
3997 total
» units
Acolyte7
Ghoul18
Crypt Fiend7
Obsidian Statue1
Frost Wyrm1
34 total
» upgrades
Ghoul Frenzy1
Destroyer Form1
Web1
3 total
» buildings
Ziggurat11
Crypt1
Altar of Darkness1
Tomb of Relics1
Halls of the Dead6
Graveyard1
Black Citadel7
Slaughterhouse1
Sacrificial Pit1
Boneyard1
Spirit Tower1
32 total
» build order
00:09 Ziggurat
00:11 Crypt
00:14 Altar of Darkness
01:03 Tomb of Relics
01:41 Ziggurat
03:11 Halls of the Dead
03:11 Halls of the Dead
03:12 Halls of the Dead
04:05 Ziggurat
04:19 Graveyard
06:09 Black Citadel
06:10 Black Citadel
06:10 Black Citadel
08:01 Slaughterhouse
08:18 Ziggurat
08:33 Sacrificial Pit
09:57 Boneyard
11:16 Ziggurat
11:52 Ziggurat
12:38 Spirit Tower
12:47 Ziggurat
13:35 Ziggurat
16:24 Ziggurat
19:01 Ziggurat
20:05 Ziggurat
» items
Rod of Necromancy3
Dust of Appearance1
Potion of Healing2
6 total
team 2
NightElfLW-Stupidus (pink | 85 APM | 1781 actions | 20:51)
Hero icon 4 Demon Hunter
Ability icon 2 Mana Burn
Ability icon 2 Evasion
Hero icon 2 Pandaren Brewmaster
Ability icon 1 Breath of Fire
Ability icon 1 Drunken Haze

» actions
Assign group hotkey63
Basic commands178
Build / train79
ESC pressed1
Enter build submenu21
Enter hero's abilities submenu6
Give item / drop item1
Right click814
Select / deselect309
Select group hotkey226
Use ability83
1781 total
» units
Wisp23
Huntress9
Archer9
Hippogryph6
47 total
» upgrades
Ultravision1
Improved Bows1
Strength of the Moon3
Hippogryph Taming1
Marksmanship1
Moon Armor1
8 total
» buildings
Moon Well6
Altar of Elders1
Hunter's Hall1
Ancient of War2
Tree of Life4
Tree of Ages1
Ancient Protector1
Ancient of Wind2
Ancient of Wonders1
Tree of Eternity1
Chimaera Roost1
21 total
» build order
00:07 Moon Well
00:12 Altar of Elders
01:13 Hunter's Hall
01:43 Ancient of War
02:04 Moon Well
02:30 Ancient of War
02:49 Moon Well
05:52 Tree of Life
06:19 Moon Well
07:55 Tree of Ages
09:01 Ancient Protector
10:59 Ancient of Wind
11:02 Ancient of Wind
11:18 Ancient of Wonders
11:59 Tree of Eternity
12:24 Moon Well
13:12 Tree of Life
19:10 Tree of Life
19:46 Tree of Life
19:55 Chimaera Roost
19:57 Moon Well
» items
Boots of Speed1
Scroll of Healing4
Scroll of Town Portal4
Potion of Healing3
Staff of Preservation1
Potion of Lesser Invulnerability1
14 total